[Event "Moscow Open RSSU Cup 2020"]
[Site "Moscow"]
[Date "2020.01.29"]
[Round "5.12"]
[White "Khegay, Dmitriy"]
[Black "Shinkevich, Vitaly"]
[Result "1/2-1/2"]
[ECO "C92"]
[WhiteElo "2533"]
[BlackElo "2442"]
[Annotator "ChessBase"]
[PlyCount "95"]
[EventDate "2020.01.25"]
[EventType "swiss"]
[EventCountry "RUS"]
[SourceTitle "playchess.com"]
[Source "ChessBase"]
[SourceQuality "1"]
[TimeControl "40/5400+30:1800+30"]

1. e4 e5 2. Nf3 Nc6 3. Bb5 a6 4. Ba4 Nf6 5. O-O Be7 6. Re1 b5 7. Bb3 d6 8. c3 O-O 9. h3 Nd7 10. d4 Bf6 11. d5 Ne7 12. a4 Bb7 13. Na3 Nc5 14. Bc2 c6 15. b4 Nxa4 16. Bxa4 bxa4 17. c4 cxd5 18. cxd5 Rc8 19. Be3 Ng6 20. Qxa4 Nh4 21. Nxh4 Bxh4 22. b5 Qd7 23. Qb4 a5 24. Qa4 f5 25. exf5 Bd8 26. Qe4 Qxf5 27. Qxf5 Rxf5 28. b6 Bxd5 29. Nb5 Rb8 30. Red1 Bb3 31. Rxd6 Rf6 32. Rxa5 Bxb6 33. Bxb6 Rxb6 34. Rxb6 Rxb6 35. Nc3 Re6 36. Ne4 Re7 37. Ng5 g6 38. Nf3 e4 39. Ne5 Kg7 40. Ng4 Bf7 41. Ne3 h5 42. g3 Kf6 43. Kg2 Be6 44. g4 hxg4 45. hxg4 g5 46. Kg3 Rd7 47. Ra4 Ke5 48. Ra5+ 1/2-1/2

[Event "Moscow Open RSSU Cup 2020"]
[Site "Moscow"]
[Date "2020.01.29"]
[Round "5.13"]
[White "Nasyrova, Ekaterina"]
[Black "Osmak, Iulija"]
[Result "0-1"]
[ECO "A14"]
[WhiteElo "2208"]
[BlackElo "2394"]
[Annotator "NA"]
[PlyCount "74"]
[EventDate "2020.01.25"]
[EventType "swiss"]
[EventCountry "RUS"]
[SourceTitle "playchess.com"]
[Source "ChessBase"]
[SourceQuality "1"]
[TimeControl "40/5400+30:1800+30"]

1. Nf3 Nf6 2. c4 e6 3. e3 b6 4. b3 Bb7 5. Bb2 Be7 6. g3 d5 7. Bg2 O-O 8. O-O c5 9. Nc3 dxc4 10. bxc4 Nc6 11. Qe2 Rc8 12. Rad1 Qc7 13. Ne1 Rfd8 14. f4 a6 $11 15. g4 Ne8 16. g5 Na5 17. Ne4 Nd6 18. Nxd6 Bxd6 19. Bxb7 Qxb7 20. Bc3 Nc6 21. Qh5 Ne7 22. Rf3 Ng6 23. Rh3 Nf8 24. Nd3 Qe4 25. Nf2 Qg6 26. Qg4 Be7 27. Qg2 f5 28. Rb1 Rb8 29. Be5 Bd6 30. Nd3 Qe8 31. Qe2 Qa4 32. Bxd6 Rxd6 33. Rc1 Qxa2 34. e4 fxe4 35. Qxe4 Qxd2 36. Re1 Rd4 37. Qe3 Rxd3 0-1

[Event "Moscow Open RSSU Cup 2020"]
[Site "Moscow"]
[Date "2020.01.29"]
[Round "5.14"]
[White "Bodnaruk, Anastasia"]
[Black "Kovanova, Baira"]
[Result "1-0"]
[ECO "C95"]
[WhiteElo "2411"]
[BlackElo "2335"]
[Annotator "NA"]
[PlyCount "111"]
[EventDate "2020.01.25"]
[EventType "swiss"]
[EventCountry "RUS"]
[SourceTitle "playchess.com"]
[Source "ChessBase"]
[SourceQuality "1"]
[TimeControl "40/5400+30:1800+30"]

1. e4 e5 2. Nf3 Nc6 3. Bb5 a6 4. Ba4 Nf6 5. O-O Be7 6. Re1 b5 7. Bb3 d6 8. c3 O-O 9. h3 Nb8 10. d4 Nbd7 11. Nbd2 Bb7 12. Bc2 Re8 13. a4 Bf8 14. Bd3 c6 15. b3 g6 16. Bb2 Rc8 17. Qc2 Nh5 18. Bf1 Bg7 19. g3 Qb6 $11 20. Qd3 d5 21. exd5 cxd5 22. axb5 e4 23. Qe2 a5 24. Nh4 e3 25. Ndf3 Ndf6 26. Ne5 exf2+ 27. Qxf2 Ne4 28. Rxe4 dxe4 29. Nc4 Qc7 30. Kh2 Bh6 31. b6 Qe7 32. Ne3 Qd6 33. Nhg2 Qxb6 34. Bc4 Qc7 35. Rf1 Re7 36. Bc1 Bg7 37. Ba3 Rd7 38. Bc5 Re8 39. Be2 Nf6 40. Nf4 Nd5 41. Nfxd5 Bxd5 42. Bb5 Bc6 43. Bc4 h5 44. h4 Rb8 45. Qe2 Kh7 46. Kh3 Qb7 47. g4 hxg4+ 48. Qxg4 Bb5 49. h5 Bxc4 50. bxc4 Qc6 51. hxg6+ fxg6 52. Kg3 Qc7+ 53. Kh3 Rf7 54. Bd6 Rxf1 55. Bxc7 Rf3+ 56. Qxf3 1-0

[Event "Moscow Open RSSU Cup 2020"]
[Site "Moscow"]
[Date "2020.01.29"]
[Round "5.16"]
[White "Gritsayeva, Oksana"]
[Black "Bykova, Anastasia"]
[Result "1/2-1/2"]
[ECO "B11"]
[WhiteElo "2383"]
[BlackElo "2247"]
[Annotator "NA"]
[PlyCount "167"]
[EventDate "2020.01.25"]
[EventType "swiss"]
[EventCountry "RUS"]
[SourceTitle "playchess.com"]
[Source "ChessBase"]
[SourceQuality "1"]
[TimeControl "40/5400+30:1800+30"]

1. e4 c6 2. Nc3 d5 3. Nf3 dxe4 4. Nxe4 Nf6 5. Nxf6+ exf6 6. Bc4 Bd6 7. Qe2+ Qe7 8. Qxe7+ Kxe7 9. O-O Re8 10. Re1+ Kf8 11. Rxe8+ Kxe8 12. d4 Bg4 13. Nd2 Bf5 14. Bb3 Nd7 15. Nc4 Bc7 16. Ne3 Be4 17. Bd2 a5 $14 18. a4 Kf8 19. f3 Bg6 20. Nc4 b6 21. Kf2 f5 22. g3 Rd8 23. Rd1 f6 24. Na3 Bf7 25. Bxf7 Kxf7 26. Nc4 Nf8 27. Bf4 Bxf4 28. gxf4 Ne6 29. Nxb6 Nxf4 30. Nc4 Ra8 31. b3 g6 32. Re1 Ne6 33. Ke3 f4+ 34. Kd3 Rd8 35. c3 Rd5 36. Nd2 g5 37. Kc4 h5 38. b4 axb4 39. Kxb4 g4 40. Rg1 f5 41. Nc4 Kf6 42. Ne5 c5+ 43. Kc4 Rd8 44. Nc6 Rd6 45. d5 Nc7 46. Kxc5 Rxd5+ 47. Kb6 Ne6 48. a5 Rd6 49. Kb5 Rd5+ 50. Kb4 Rd6 51. Na7 Nc7 52. c4 Rd3 53. Kc5 Ra3 54. Nc6 gxf3 55. Kb6 Ne6 56. Nb4 Nd4 57. a6 Ra4 58. Nd5+ Ke5 59. a7 Kd6 60. Nc7 Rb4+ 61. Nb5+ Nxb5 62. cxb5 Ra4 63. Rf1 Ke5 64. Kb7 Ke4 65. b6 Ke3 66. a8=Q Rxa8 67. Kxa8 Ke2 68. Ra1 f2 69. b7 f1=Q 70. Rxf1 Kxf1 71. b8=Q f3 72. Qf4 f2 73. Qf3 h4 74. Qxf5 Kg2 75. Qc2 Kg1 76. Qc5 Kg2 77. Qg5+ Kxh2 78. Qf4+ Kg2 79. Qg4+ Kh2 80. Qxh4+ Kg2 81. Qg4+ Kh2 82. Qf3 Kg1 83. Qg3+ Kh1 84. Qxf2 1/2-1/2

[Event "Moscow Open RSSU Cup 2020"]
[Site "Moscow"]
[Date "2020.01.29"]
[Round "5.17"]
[White "Protopopova, Anastasiya"]
[Black "Guseva, Marina"]
[Result "0-1"]
[ECO "E11"]
[WhiteElo "2233"]
[BlackElo "2379"]
[Annotator "NA"]
[PlyCount "128"]
[EventDate "2020.01.25"]
[EventType "swiss"]
[EventCountry "RUS"]
[SourceTitle "playchess.com"]
[Source "ChessBase"]
[SourceQuality "1"]
[TimeControl "40/5400+30:1800+30"]

1. d4 Nf6 2. c4 e6 3. g3 d5 4. Bg2 Bb4+ 5. Bd2 Be7 6. Nf3 O-O 7. O-O c6 8. Qc2 Nbd7 9. a4 b6 10. a5 Ba6 11. b3 Ne4 12. Ne5 Nxe5 ({Reject} 12... Nxd2 $6 13. Nxc6 Nxb3 {[%mdl 64] Double Attack} 14. Nxd8 $16) 13. Bxe4 Ng6 $11 14. Bf3 dxc4 15. Bc3 Qd7 16. Nd2 cxb3 17. Qxb3 Bb5 18. Nc4 Rab8 19. axb6 axb6 20. Na3 Bxa3 21. Qxa3 Ne7 22. Rfd1 Nd5 23. Be1 f5 24. e3 h6 25. Bg2 Kh7 26. Rdc1 Rfd8 27. Ra2 Qe8 28. Rca1 Bc4 29. Rc2 Ra8 30. Qb2 Rxa1 31. Qxa1 Ra8 32. Qc1 b5 33. f3 Qe7 34. Rb2 Qa3 35. Bd2 Qd3 36. Bf1 Qxf1+ 37. Qxf1 Bxf1 38. Kxf1 Nb6 39. Ke2 Nc4 40. Rc2 Kg6 41. e4 Ra1 42. Bc1 Rb1 43. Rc3 Kf7 44. g4 fxe4 45. fxe4 Ke7 46. Kd1 Ra1 47. h4 Ra2 48. Rc2 Ra8 49. h5 Rd8 50. Ke2 Rxd4 51. Kf3 Kf6 52. Bf4 e5 53. Bc1 Rd3+ 54. Kf2 Rd1 55. Kf3 Rd3+ 56. Kg2 Ke6 57. g5 hxg5 58. Bxg5 c5 59. h6 gxh6 60. Bxh6 Kd6 61. Bf8+ Kc6 62. Rc1 Re3 63. Rf1 Rxe4 64. Rf6+ Kd5 0-1

[Event "Moscow Open RSSU Cup 2020"]
[Site "Moscow"]
[Date "2020.01.30"]
[Round "6.1"]
[White "Martinez Alcantara, Jose Eduardo"]
[Black "Bykov, Egor"]
[Result "1/2-1/2"]
[ECO "C92"]
[WhiteElo "2606"]
[BlackElo "2384"]
[Annotator "RC"]
[PlyCount "84"]
[EventDate "2020.01.25"]
[EventType "swiss"]
[EventCountry "RUS"]
[SourceTitle "playchess.com"]
[Source "ChessBase"]
[SourceQuality "1"]
[TimeControl "40/5400+30:1800+30"]

1. e4 e5 2. Nf3 Nc6 3. Bb5 a6 4. Ba4 Nf6 5. O-O Be7 6. Re1 b5 7. Bb3 d6 8. c3 O-O 9. h3 Re8 10. d4 Bb7 11. Nbd2 exd4 12. cxd4 Nd7 13. Nf1 Na5 14. Bc2 Bf6 15. Ng3 g6 16. Rb1 c5 17. d5 Nc4 18. b3 Ncb6 19. Bf4 Ne5 20. Nxe5 Bxe5 21. Bxe5 Rxe5 22. a4 Qh4 23. Qd2 b4 24. Kh2 Rae8 25. f4 R5e7 26. Qf2 f5 27. a5 Nd7 28. exf5 Nf6 29. Kg1 Rxe1+ 30. Rxe1 Rxe1+ 31. Qxe1 Bxd5 32. Qe3 Bf7 33. Be4 d5 34. Bd3 c4 35. Bf1 d4 36. Qxd4 Qxg3 37. Qxf6 Qe3+ 38. Kh1 Qxf4 39. Bxc4 Qc1+ 40. Kh2 Qf4+ 41. Kg1 Qe3+ 42. Kh1 Qc1+ 1/2-1/2

[Event "Moscow Open RSSU Cup 2020"]
[Site "Moscow"]
[Date "2020.01.30"]
[Round "6.5"]
[White "Mokshanov, Alexey"]
[Black "Petrosyan, Manuel"]
[Result "0-1"]
[ECO "B51"]
[WhiteElo "2449"]
[BlackElo "2590"]
[Annotator "RC"]
[PlyCount "66"]
[EventDate "2020.01.25"]
[EventType "swiss"]
[EventCountry "RUS"]
[SourceTitle "playchess.com"]
[Source "ChessBase"]
[SourceQuality "1"]
[TimeControl "40/5400+30:1800+30"]

1. e4 c5 2. Nf3 d6 3. Bb5+ Nd7 4. O-O a6 5. Bd3 Ngf6 6. c3 b5 7. Bc2 Bb7 8. Re1 e5 9. d4 Be7 10. b3 cxd4 11. cxd4 O-O 12. Bb2 Re8 13. Nbd2 Bf8 14. d5 a5 15. a3 b4 16. axb4 axb4 17. Bd3 Nc5 18. Bf1 Rxa1 19. Qxa1 Qa8 20. Qb1 Ba6 21. Ng5 Bxf1 22. Rxf1 Qa6 23. f3 Qe2 24. Qe1 Qd3 25. Nh3 Nxb3 26. Nxb3 Qxb3 27. Bc1 Nd7 28. Bd2 Rb8 29. Qb1 Qc4 30. Nf2 Nc5 31. Be3 b3 32. Rc1 Qe2 33. Re1 Qa2 0-1

[Event "Moscow Open RSSU Cup 2020"]
[Site "Moscow"]
[Date "2020.01.31"]
[Round "7.16"]
[White "Bodnaruk, Anastasia"]
[Black "Bykova, Anastasia"]
[Result "1-0"]
[ECO "B07"]
[WhiteElo "2411"]
[BlackElo "2247"]
[Annotator "RC"]
[PlyCount "95"]
[EventDate "2020.01.25"]
[EventType "swiss"]
[EventCountry "RUS"]
[SourceTitle "playchess.com"]
[Source "ChessBase"]
[SourceQuality "1"]
[TimeControl "40/5400+30:1800+30"]

1. e4 d6 2. d4 Nf6 3. Nc3 g6 4. Be3 a6 5. Qd2 b5 6. f3 Bb7 7. O-O-O Nbd7 8. g4 b4 9. Nce2 Nxe4 10. fxe4 Bxe4 11. Ng3 Bxh1 12. Nxh1 Bg7 13. Bh6 O-O 14. Nf3 a5 15. d5 e5 16. Ng3 Qf6 17. Bg2 Bxh6 18. Qxh6 Qf4+ 19. Qxf4 exf4 20. Ne2 Ne5 21. Nxe5 dxe5 22. d6 Ra7 23. d7 Rd8 24. c4 c5 25. Bc6 Rc7 26. Bb5 g5 27. Rd5 f6 28. Kd2 e4 29. Ba4 h5 30. h3 hxg4 31. hxg4 Kf7 32. Nc1 Ke7 33. Nb3 Rh8 34. Nxc5 Rxc5 35. Rxc5 Rh2+ 36. Ke1 Rh1+ 37. Ke2 f3+ 38. Ke3 Re1+ 39. Kf2 Re2+ 40. Kg3 Rg2+ 41. Kh3 e3 42. Rc8 Rd2 43. Re8+ Kf7 44. Rxe3 f5 45. gxf5 Rd4 46. Bc6 g4+ 47. Kg3 Kf6 48. Bd5 1-0

[Event "Moscow Open RSSU Cup 2020"]
[Site "Moscow"]
[Date "2020.02.01"]
[Round "8.9"]
[White "Makhmutov, Rail"]
[Black "Zakhartsov, Vladimir"]
[Result "1/2-1/2"]
[ECO "B31"]
[WhiteElo "2403"]
[BlackElo "2507"]
[Annotator "RC"]
[PlyCount "70"]
[EventDate "2020.01.25"]
[EventType "swiss"]
[EventCountry "RUS"]
[SourceTitle "playchess.com"]
[Source "ChessBase"]
[SourceQuality "1"]
[TimeControl "40/5400+30:1800+30"]

1. e4 c5 2. Nf3 Nc6 3. Bb5 g6 4. Bxc6 bxc6 5. O-O Bg7 6. Re1 Nh6 7. c3 f6 8. d4 cxd4 9. cxd4 Nf7 10. Qc2 O-O 11. Be3 Bb7 12. Nbd2 e5 13. Rab1 d5 14. dxe5 fxe5 15. Bc5 Re8 16. Re3 Bc8 17. Ra3 a6 18. Ne1 Ng5 19. f3 Ne6 20. Nd3 Bd7 21. Bf2 Kh8 22. Nb3 dxe4 23. fxe4 Nf4 24. Nbc5 Bg4 25. Nxf4 exf4 26. Rd3 Qg5 27. Bd4 Bxd4+ 28. Rxd4 Rad8 29. Rxd8 Rxd8 30. Qc3+ Kg8 31. e5 Be2 32. Qb3+ Rd5 33. Qb8+ Rd8 34. Qb3+ Rd5 35. Qb8+ Rd8 1/2-1/2

[Event "Moscow Open RSSU Cup 2020"]
[Site "Moscow"]
[Date "2020.02.02"]
[Round "9.8"]
[White "Korchmar, Vasiliy"]
[Black "Kunin, Vitaly"]
[Result "*"]
[ECO "A40"]
[WhiteElo "2446"]
[BlackElo "2533"]
[Annotator "RC"]
[PlyCount "102"]
[EventDate "2020.01.25"]
[EventType "swiss"]
[EventCountry "RUS"]
[SourceTitle "playchess.com"]
[Source "ChessBase"]
[SourceQuality "1"]
[TimeControl "40/5400+30:1800+30"]

1. d4 e6 2. c4 b6 3. e4 Bb7 4. Bd3 Bb4+ 5. Kf1 Be7 6. Nc3 d6 7. Nf3 Nd7 8. g3 Bf6 9. Kg2 Ne7 10. h4 O-O 11. h5 c5 12. d5 Ne5 13. Nxe5 Bxe5 14. h6 g6 15. Qc2 a6 16. a4 b5 17. dxe6 fxe6 18. axb5 Nf5 19. bxa6 Nd4 20. Qd1 Bxa6 21. Qg4 Qb6 22. Ra2 Rae8 23. Be3 Bb7 24. Rha1 Nc6 25. Bb1 Bd4 26. Qe2 Ne5 27. Ra5 Bxe3 28. fxe3 Rf7 29. Nd1 Ref8 30. b4 cxb4 31. Rb5 Qd8 32. Rxb4 Qg5 33. Ra5 Qxh6 34. Rxe5 dxe5 35. Qg4 g5 36. Bd3 Qg6 37. Rb6 Re8 38. Nc3 h5 39. Qe2 Ref8 40. c5 Bc8 41. Nb5 h4 42. Nd6 Rf3 43. Nf5 Rxg3+ 44. Nxg3 hxg3 45. Kxg3 Qh6 46. Qg4 Rd8 47. Bc4 Kf7 48. Rc6 Rh8 49. Rc7+ Kg6 50. Kf2 Qh1 51. Bf1 Rf8+ *